 Dungeon Crawl Stone Soup version 0.31-a0-875-g02e7d12df6 (webtiles) character file.

Game seed: 12506781544973604742

3497 lonewolfV2 the Shield-Bearer (level 10, -6/71 (77) HPs)
             Began as a Formicid Fighter on Oct 12, 2023.
             Killed from afar by a steam dragon (15 damage)
             ... with a ball of steam
             ... on level 8 of the Dungeon.
             The game lasted 00:10:04 (7085 turns).

lonewolfV2 the Shield-Bearer (Formicid Fighter)     Turns: 7085, Time: 00:10:06

HP:   -6/71 (77)    AC: 11    Str: 31    XL:     10   Next: 28%
MP:   10/10         EV: 12    Int:  8    God:
Gold: 420           SH:  7    Dex: 19    Spells: 9/9 levels left

rFire   . . .        w - +3 mace of Kumnyco {drain, rC+ Will+ rCorr}
rCold   + . .        c - +1 buckler
rNeg    . . .        b - +0 scale mail
rPois   .            (helmet unavailable)
rElec   .            n - +2 cloak
rCorr   +            (no gloves)
SInv    +            (no boots)
Will    ++...        (no amulet)
Stlth   +            v - +6 ring of dexterity
HPRegen 0.31/turn    z - +6 ring of strength
MPRegen 0.12/turn

%: no passive effects
@: drained
A: permanent stasis, dig shafts and tunnels, antennae 3, four strong arms
a: Dig, Shaft Self


You were on level 8 of the Dungeon.
You visited 1 branch of the dungeon, and saw 8 of its levels.

You collected 420 gold pieces.

Inventory:

Hand Weapons
 a - a +1 heavy war axe
 w - the +3 mace of Kumnyco (weapon) {drain, rC+ Will+ rCorr}
   (You found it on level 6 of the Dungeon)

   rC+:       It protects you from cold.
   Will+:     It increases your willpower.
   rCorr:     It protects you from acid and corrosion.
Missiles
 s - a throwing net
Armour
 b - a +0 scale mail (worn)
 c - a +1 buckler (worn)
 n - a +2 cloak (worn)
Jewellery
 e - a ring of resist corrosion
 l - a +4 ring of protection
 o - a ring of wizardry
 v - a +6 ring of dexterity (left hand)
 z - a +6 ring of strength (right hand)
Wands
 y - a wand of paralysis (4)
Scrolls
 f - a scroll of fog {unknown}
 h - 5 scrolls of teleportation
 r - 6 scrolls of identify
 t - a scroll of poison
 u - 2 scrolls of enchant weapon
Potions
 d - 2 potions of lignification
 g - a potion of haste {unknown}
 i - 2 potions of brilliance
 j - 2 potions of magic {unknown}
 k - a potion of heal wounds
 m - 2 potions of berserk rage
 p - a potion of mutation {unknown}
 q - a potion of attraction {unknown}
 x - a potion of invisibility {unknown}


   Skills:
 + Level 6.8 Fighting
 + Level 7.5(8.2) Axes
 + Level 4.8(6.8) Maces & Flails
 + Level 7.5 Armour
 + Level 4.1 Dodging
 + Level 1.7 Stealth
 + Level 7.6 Shields


You had 9 spell levels left.
You didn't know any spells.
Your spell library contained the following spells:

 Spells                   Type           Power      Damage    Failure   Level
 Necrotise                Necr           0%         1d4       67%         1
 Cigotuvi's Dreadful Rot  Necr/Pois/Air  0%         N/A       80%         2
 Wereblood                Tmut           0%         N/A       80%         2
 Vampiric Draining        Necr           0%         2d6       95%         3
 Animate Dead             Necr           0%         N/A       100%        4
 Brom's Barrelling Bould  Conj/Erth      0%         2d3       100%        4
 Dispel Undead            Necr           0%         3d6       100%        4
 Agony                    Necr           0%         N/A       100%        5
 Borgnjor's Vile Clutch   Necr/Erth      0%         N/A       100%        5
 Fireball                 Conj/Fire      0%         3d3       100%        5
 Irradiate                Conj/Tmut      0%         3d11      100%        5
 Iskenderun's Battlesphe  Conj           0%         2d6       100%        5
 Conjure Ball Lightning   Conj/Air       0%         3x3d6     100%        6
 Death Channel            Necr           0%         N/A       100%        6
 Orb of Destruction       Conj           0%         9d5       100%        7


Dungeon Overview and Level Annotations

Branches:
Dungeon (8/15)             Temple (0/1) D:7
   Lair: D:8-11

Altars:
Cheibriados
Makhleb
Ru
Uskayaw

Shops:
D:2 :   D:7 [


Innate Abilities, Weirdness & Mutations

You cannot be hasted, slowed, berserked, paralysed or teleported.
You can dig through walls and to a lower floor.
You have a pair of large antennae on your head. (SInv)
Your four strong arms can wield two-handed weapons with a shield.


Message History

The sky beast closely misses you.
Aiming: Paralyse
Press: ? - help, Q - select action, (/) - cycle Shift-Dir - straight line, f - kobold
Aim: a kobold, wielding a +0 dagger (chance to affect: 66%)
The sky beast resists with some effort.
The wight hits you from afar with a +3 halberd.
You feel drained. The sky beast hits you. The sky beast shocks you.
You sock the sky beast!
The sky beast is heavily wounded.
The wight hits you but does no damage. The sky beast completely misses you.
You sock the sky beast! You drain the sky beast.
You kill the sky beast!
The wight barely misses you.
You closely miss the kobold. You block the wight's attack.
You block the kobold's attack.
Unknown command.
You miss the kobold. The wight closely misses you.
You block the kobold's attack.
The wight hits you from afar with a +3 halberd.
You block the kobold's attack.
You hit the kobold. You drain the kobold.
You kill the kobold!
The wight hits you from afar with a +3 halberd.
* * * LOW HITPOINT WARNING * * *
Unknown command.
You sock the kobold!
You kill the kobold!
The wight barely misses you.
You sock the kobold!
You kill the kobold!
The wight hits you from afar with a +3 halberd!
* * * LOW HITPOINT WARNING * * *
The kobold throws a stone.
You block the stone. The wight hits you with a +3 halberd.
* * * LOW HITPOINT WARNING * * *
The steam dragon breathes steam at you.
The ball of steam hits the kobold!
The kobold dies!
The ball of steam hits you!
You die...

#.# #.# #.# #.# #.# #..
#### #.# #.# ...#####.##
#.# { ##........# #.# ,,{
#...####..########.##.#
#..............)@§D...#
#...####..#######z.......#
##.## #..# #.#.#.#.## ....
.....# ........ .#..
......# ##.#.#.#.#
.#.##......# ........<.
.#. #.###... #.#.#.#.## ##
#. #.... ......... ..


You could see a steam dragon (catching breath) and a wight.

Vanquished Creatures
  Sigmund (D:4)
  Menkaure (D:5)
  2 water moccasins (D:7)
  6 sky beasts
  An ice beast (D:5)
  4 ogres
  3 centaurs
  2 kobold brigands
  7 bullfrogs
  2 scorpions
  2 wights (D:8)
  3 killer bees (D:6)
  2 howler monkeys
  2 gnoll boudas
  3 hounds
  3 orc priests
  3 jellies
  4 iguanas
  A sleepcap (D:5)
  Natasha (twice) (D:4)
  3 orc wizards
  4 adders
  4 gnolls (D:7)
  3 ufetubi (D:6)
  A dart slug (D:1)
  19 orcs
  2 bats
  8 endoplasms
  A giant cockroach (D:2)
  10 goblins
  2 hobgoblins
  8 jackals
  5 quokkas
  7 ball pythons
  3 frilled lizards
  18 kobolds
  6 rats
158 creatures vanquished.

Vanquished Creatures (others)
  A kobold (D:8)
1 creature vanquished.

Grand Total: 159 creatures vanquished

Notes
Turn   | Place    | Note
-------+----------+-------------------------------------------
     0 | D:1      | lonewolfV2 the Formicid Fighter began the quest for the
                  | Orb.
     0 | D:1      | Reached XP level 1. HP: 18/18 MP: 1/1
    70 | D:1      | Found a faded altar of an unknown god.
   123 | D:1      | Reached XP level 2. HP: 23/24 MP: 2/2
   207 | D:1      | Reached XP level 3. HP: 30/30 MP: 3/3
   833 | D:2      | Reached XP level 4. HP: 29/37 MP: 4/4
  1027 | D:2      | Found Zeuloulo's Book Emporium.
  1429 | D:3      | Found a hide-covered altar of Uskayaw.
  1556 | D:4      | Noticed a scorpion
  1561 | D:4      | Killed a scorpion
  1562 | D:4      | Reached XP level 5. HP: 27/42 MP: 5/5
  1680 | D:4      | Noticed a sky beast
  1695 | D:4      | Killed a sky beast
  1696 | D:4      | Reached skill level 1 in Dodging
  1696 | D:4      | Reached XP level 6. HP: 23/49 MP: 6/6
  2073 | D:4      | Noticed Sigmund
  2102 | D:4      | Reached XP level 7. HP: 13/55 MP: 7/7
  2105 | D:4      | Killed Sigmund
  2106 | D:4      | Reached skill level 5 in Fighting
  2106 | D:4      | Reached skill level 5 in Axes
  2277 | D:4      | Noticed Natasha
  2282 | D:4      | Killed Natasha
  2472 | D:4      | Noticed Natasha
  2481 | D:4      | Killed Natasha
  2714 | D:5      | Entered Level 5 of the Dungeon
  2740 | D:5      | Reached XP level 8. HP: 45/62 MP: 8/8
  2914 | D:5      | Reached skill level 1 in Stealth
  3174 | D:5      | Noticed Menkaure
  3181 | D:5      | Killed Menkaure
  3182 | D:5      | Reached skill level 5 in Armour
  3182 | D:5      | Reached skill level 5 in Shields
  4203 | D:6      | Found a sacrificial altar of Ru.
  4391 | D:6      | Reached XP level 9. HP: 45/69 MP: 9/9
  4400 | D:6      | Identified the +3 mace of Kumnyco {drain, rC+ Will+ rCorr}
  4478 | D:6      | Identified the +2 leather armour "Leucs" {+Blink MP+9}
  5298 | D:6      | Found a burning altar of Makhleb.
  5459 | D:7      | Reached skill level 1 in Maces & Flails
  6482 | D:7      | Reached XP level 10. HP: 49/77 MP: 10/10
  6742 | D:7      | Found a snail-covered altar of Cheibriados.
  6753 | D:7      | Found Qedueq's Antique Armour Shop.
  6860 | D:7      | Found a staircase to the Ecumenical Temple.
  7085 | D:8      | Killed from afar by a steam dragon

Illustrated notes

Levels and vault maps discovered:
D:1:      nicolae_arrival_memento_mori, layout_loops_cross,
          chequers_ecumenical_altar_simple
D:2:      layout_basic, serial_shops, nicolae_shop_window_shopping
D:3:      kennysheep_big_flooded_room, layout_loops_cross,
          nicolae_uskayaw_murder_on_the_dancefloor, kennysheep_nondescript,
          uniq_jessica
D:4:      layout_loops_ring, uniq_natasha, uniq_sigmund
D:5:      layout_layer_cave, uniq_menkaure
D:6:      layout_gridville, nicolae_overflow_crystal_walls,
          amcnicky_altar_gilded
D:7:      layout_rooms, mainiacjoe_overflow_alcove_1, minmay_temple_entry_hall,
          serial_shops, nicolae_shop_gibbet_a_chance, minmay_fountain_box,
          minmay_bent
D:8:      layout_loops_ring, lemuel_crystal_altar,
          gammafunk_ghost_wrathful_warriors, serial_shops, shop,
          small_statue_intersection, chequers_serial_rivers_large_b, st_stairs_9

Skill      XL: |  1  2  3  4  5  6  7  8  9 10 |
---------------+-------------------------------+-----
Fighting       | 4 5 6 |  6.8
Axes           | 3 4 5 7 |  7.5
Armour         | 4 5 7 |  7.5
Dodging        | 1 2 3 4 |  4.1
Stealth        | 1 |  1.7
Shields        | 5 7 |  7.6
Maces & Flails | 3 4 |  4.8

Action                     |  1- 3 |  4- 6 |  7- 9 | 10-12 || total
---------------------------+-------+-------+-------+-------++-------
  Melee: War axe           |    78 |    68 |    97 |       ||   243
         Mace              |       |       |   129 |    54 ||   183
  Evoke: Wand              |       |       |       |     1 ||     1
    Use: Scroll            |     6 |     4 |     6 |       ||    16
         Potion            |       |     1 |     2 |     1 ||     4
 Armour: Scale mail        |    56 |    78 |   304 |    50 ||   488
  Dodge: Dodged            |    43 |    49 |   278 |    28 ||   398
  Block: Buckler           |    25 |    18 |   150 |    28 ||   221

Table legend: (Time is in decaauts)
 A = Elapsed time spent in this place.
 B = Non-inter-level travel time spent in this place.
 C = Inter-level travel time spent in this place.
 D = Time resting spent in this place.
 E = Time spent auto-exploring this place.
 F = Levels seen in this place.
 G = Mean time per level.
                   A        B        C        D        E       F      G
               +--------+--------+--------+--------+--------+-----+--------+
         Total |   7294 |   7146 |    148 |   1879 |   3802 |   8 |  911.8 |
       Dungeon |   7294 |   7146 |    148 |   1879 |   3802 |   8 |  911.8 |
               +--------+--------+--------+--------+--------+-----+--------+

Top non-repeatable levels by time:
     D:6: 2124 daAuts
     D:5: 1371 daAuts
     D:4: 1239 daAuts
     D:7: 838 daAuts
     D:2: 792 daAuts
     D:1: 697 daAuts
     D:3: 116 daAuts
     D:8: 113 daAuts
